Map: King's Cove LE

Players

Nerchio - Winner!

  • Race: Zerg Zerg
  • Spawn Location: 5:00

ShaDoWn

  • Race: Protoss Protoss
  • Spawn Location: 11:00

Event: 2019 WCS Spring

VOD

Have the link to the VOD?

Description

Time

  • Played on: May 17, 2019, 10:04 a.m.
  • Length: 27:41

All games in this series

Show
View Real Time Build Order
Export as new Build Order

Nerchio Zerg - Winner!

Build Orders: Hatch First, Lurkers, Roach Hydra 

Get SALT Encoding   

  12  0:00  Drone  
  13  0:12  Overlord  
  13  0:17  Drone  
  14  0:30  Drone x2  
  16  0:48  Hatchery  
  15  0:52  Drone  
  15  0:56  Drone  
  17  0:59  Drone  
  18  1:05  Extractor  
  17  1:16  Spawning Pool  
  17  1:18  Drone  
  17  1:22  Drone  
  18  1:28  Drone  
  19  1:39  Drone  
  20  1:51  Hatchery  
  20  1:53  Drone  
  20  2:00  Drone x2  
  22  2:09  Queen  
  22  2:13  Drone  
  25  2:18  Overlord  
  25  2:27  Queen  
  27  2:32  Metabolic Boost  
  27  2:35  Zergling x2  
  28  2:38  Zergling x2  
  28  2:42  Drone  
  28  2:43  Drone  
  31  2:46  Drone  
  31  2:49  Drone  
  33  2:56  Queen  
  35  3:05  Drone x3  
  38  3:06  Drone  
  38  3:12  Overlord  
  39  3:20  Lair  
  39  3:21  Drone  
  39  3:22  Drone  
  42  3:27  Drone  
  42  3:32  Roach Warren, Drone  
  42  3:36  Drone x2  
  42  3:38  Drone  
  42  3:41  Drone  
  46  3:43  Drone  
  46  3:46  Spore Crawler  
  46  3:50  Overlord  
  46  3:53  Drone x2  
  48  3:59  Overlord  
  48  4:01  Extractor  
  47  4:07  Queen  
  49  4:14  Overlord  
  49  4:18  Overlord  
  49  4:25  Roach  
  49  4:26  Roach x5  
  61  4:36  Extractor  
  61  4:37  Overseer  
  60  4:40  Drone  
  60  4:41  Drone x7  
  60  4:44  Drone  
  60  4:45  Drone  
  70  4:50  Spore Crawler  
  64  5:00  Spore Crawler  
  64  5:01  Spore Crawler  
  64  5:02  Drone  
  64  5:03  Drone x2  
  64  5:06  Drone x2  
  65  5:07  Drone  
  65  5:09  Drone  
  65  5:13  Drone x2  
  69  5:14  Drone  
  69  5:17  Overlord  
  69  5:19  Overlord  
  71  5:24  Queen  
  71  5:26  Glial Reconstitution  
  73  5:29  Overlord  
  73  5:32  Overlord  
  73  5:38  Roach x2  
  73  5:39  Roach  
  73  5:41  Drone x2  
  81  5:44  Drone  
  81  5:45  Evolution Chamber  
  81  5:46  Drone  
  81  5:47  Drone  
  81  5:48  Drone  
  81  5:49  Drone  
  85  5:51  Drone x2  
  85  5:52  Extractor, Drone  
  85  5:53  Drone  
  85  5:54  Drone  
  89  6:02  Spore Crawler  
  88  6:04  Hatchery  
  88  6:08  Drone x4  
  88  6:11  Zerg Missile Weapons Level 1  
  90  6:15  Extractor x2, Drone x3  
  91  6:21  Drone x4  
  91  6:23  Overlord  
  95  6:28  Drone x3  
  98  6:33  Roach x2  
  98  6:37  Hydralisk Den  
  98  6:39  Roach x2, Overlord  
  105  6:41  Overlord  
  105  6:57  Drone  
  105  6:58  Drone x6  
  111  7:09  Grooved Spines, Drone  
  111  7:10  Drone x8  
  111  7:11  Infestation Pit  
  119  7:19  Overlord, Lurker Den  
  119  7:20  Overlord  
  119  7:21  Extractor  
  117  7:24  Pneumatized Carapace  
  117  7:25  Extractor  
  117  7:29  Hydralisk  
  116  7:30  Hydralisk x2  
  122  7:38  Hydralisk x4  
  122  7:42  Hydralisk x2  
  133  7:44  Hydralisk  
  133  7:46  Hydralisk  
  133  7:51  Overlord x2  
  137  7:57  Zergling x2  
  137  7:58  Zergling x14  
  145  7:59  Overseer  
  145  8:00  Zergling x4  
  145  8:01  Zergling x2  
  148  8:11  Zerg Missile Weapons Level 2, Hive  
  148  8:20  Muscular Augments  
  148  8:22  Spire  
  148  8:24  Zergling x24  
  159  8:34  Overseer  
  159  8:43  Drone x2  
  161  8:50  Overlord  
  161  8:51  Spore Crawler, Overlord  
  161  8:53  Hatchery  
  161  8:55  Spine Crawler  
  158  8:56  Lurker x8, Spine Crawler  
  158  8:57  Spore Crawler  
  164  9:03  Overlord  
  164  9:04  Overlord  
  163  9:11  Hydralisk x5  
  173  9:20  Hydralisk x4  
  173  9:22  Hydralisk, Spore Crawler x2  
  181  9:25  Extractor  
  181  9:28  Extractor  
  176  9:35  Hydralisk x5  
  176  9:43  Corruptor  
  176  9:44  Corruptor, Greater Spire  
  158  9:59  Drone x2  
  166  10:00  Drone x8  
  166  10:01  Drone x2  
  166  10:03  Drone x2  
  172  10:09  Neural Parasite  
  172  10:15  Hydralisk x3  
  178  10:24  Hydralisk x4  
  186  10:38  Lurker x3  
  186  10:39  Hydralisk x4  
  186  10:41  Overlord x2  
  197  10:44  Zergling x2  
  194  10:56  Overlord  
  190  10:57  Brood Lord  
  190  11:00  Hydralisk  
  190  11:01  Hydralisk x5, Spore Crawler x2  
  190  11:02  Spore Crawler  
  191  11:10  Brood Lord  
  186  11:13  Drone  
  186  11:14  Drone  
  186  11:18  Spire  
  187  11:20  Spore Crawler, Zerg Missile Weapons Level 3  
  187  11:25  Adaptive Talons  
  186  11:26  Infestor x3  
  186  11:32  Infestor  
  176  11:44  Infestor x2  
  170  11:55  Infestor x2  
  174  12:01  Drone  
  174  12:02  Drone  
  174  12:06  Zergling x2  
  174  12:07  Zergling x36  
  192  12:24  Zergling x12  
  198  12:43  Corruptor  
  198  12:45  Overlord  
  198  12:58  Corruptor x2  
  195  12:59  Corruptor  
  195  13:03  Burrow  
  186  13:17  Corruptor x3  
  186  13:18  Hatchery  
  186  13:19  Spore Crawler x2  
  189  13:24  Spore Crawler  
  186  13:31  Drone x2  
  186  13:32  Drone x2  
  190  13:37  Queen  
  190  13:39  Spore Crawler  
  190  13:40  Spore Crawler x3  
  190  13:41  Infestor x4  
  188  13:44  Corruptor  
  198  13:51  Drone  
  199  13:57  Spore Crawler x2  
  199  13:58  Spore Crawler, Spine Crawler  
  192  14:28  Brood Lord  
  192  14:29  Brood Lord x2  
  194  14:39  Drone  
  194  14:40  Spore Crawler, Drone x5  
  194  14:41  Spore Crawler  
  195  15:01  Zerg Flyer Weapons Level 1  
  195  15:03  Zerg Flyer Armor Level 1  
  195  15:04  Zerg Ground Armor Level 1  
  195  15:05  Spore Crawler  
  195  15:06  Spore Crawler x2  
  195  15:07  Spore Crawler  
  191  15:14  Hatchery  
  188  15:28  Corruptor  
  188  15:29  Corruptor x4  
  192  15:37  Viper x3  
  199  15:58  Spore Crawler  
  199  16:00  Spore Crawler x3  
  199  16:03  Spore Crawler  
  192  16:09  Brood Lord x4  
  200  16:26  Spore Crawler x2  
  200  16:27  Drone x2  
  200  16:28  Spore Crawler  
  200  16:29  Spore Crawler  
  198  16:36  Drone  
  198  16:37  Drone  
  200  16:50  Spore Crawler, Drone  
  200  16:51  Spine Crawler, Adrenal Glands  
  200  16:52  Spore Crawler  
  198  16:55  Overseer  
  198  16:56  Spore Crawler  
  198  16:57  Spore Crawler  
  198  16:59  Infestor x3  
  198  17:00  Drone x3  
  198  17:01  Drone  
  200  17:07  Spore Crawler  
  200  17:08  Spore Crawler  
  198  17:10  Overseer  
  187  17:47  Viper  
  187  17:48  Viper  
  193  17:57  Spore Crawler x2  
  190  17:59  Spore Crawler  
  184  18:11  Corruptor x3  
  162  18:28  Corruptor x4  
  162  18:31  Infestor x3  
  162  18:32  Corruptor x2  
  162  18:33  Corruptor  
  182  18:41  Viper x2  
  182  18:47  Infestor x3  
  194  18:49  Drone x3  
  194  18:50  Drone x2  
  194  18:54  Spore Crawler  
  194  18:55  Spore Crawler  
  194  19:20  Drone x6  
  200  19:41  Spore Crawler, Hatchery  
  200  19:42  Spore Crawler  
  184  19:56  Drone x2  
  184  19:57  Drone x5  
  187  20:02  Corruptor x2  
  187  20:03  Viper  
  187  20:04  Viper  
  187  20:07  Zergling x6  
  200  20:18  Overseer  
  200  20:26  Zerg Flyer Weapons Level 2  
  200  20:27  Zerg Flyer Armor Level 2  
  200  20:33  Spore Crawler  
  200  20:34  Hatchery  
  200  20:35  Spore Crawler  
  197  20:46  Extractor  
  191  21:07  Corruptor  
  191  21:08  Corruptor x3  
  195  21:12  Drone x3  
  195  21:13  Drone  
  195  21:16  Spine Crawler  
  195  21:17  Spine Crawler  
  197  21:20  Spine Crawler  
  197  21:24  Spore Crawler  
  197  21:25  Spore Crawler x2, Drone x6  
  200  21:26  Spore Crawler x2  
  200  21:27  Spore Crawler x2  
  200  21:29  Spore Crawler  
  200  21:30  Spore Crawler  
  179  22:00  Drone x2  
  179  22:01  Drone x4  
  182  22:06  Corruptor x2  
  180  22:19  Viper x3  
  186  22:24  Extractor  
  186  22:25  Extractor  
  185  22:30  Spore Crawler x2, Drone x5  
  185  22:31  Spore Crawler  
  185  22:35  Extractor, Infestor x4  
  185  22:36  Extractor  
  184  22:57  Zerg Melee Weapons Level 1  
  181  22:59  Zergling x2  
  174  23:07  Hydralisk x4  
  174  23:11  Lurker x9  
  189  23:24  Infestor x4  
  189  23:25  Infestor  
  173  23:43  Brood Lord x5  
  173  23:44  Corruptor x4  
  191  23:50  Infestor, Zergling x2  
  191  23:51  Zergling x16  
  200  23:57  Zerg Flyer Weapons Level 3  
  199  24:05  Drone  
  199  24:06  Drone x4  
  199  24:16  Drone x2  
  199  24:17  Drone x3  
  194  24:18  Drone x4  
  194  24:23  Hydralisk x3  
  197  24:31  Spine Crawler x2  
  197  24:32  Spine Crawler  
  197  24:33  Spine Crawler  
  192  24:41  Infestor  
  192  24:42  Infestor x2  
  192  24:45  Corruptor x6  
  188  24:48  Infestor x6  
  200  25:17  Spore Crawler x2  
  200  25:18  Spore Crawler  
  197  25:29  Overseer  
  197  25:46  Hatchery  
  196  25:58  Spine Crawler x3  
  196  25:59  Spine Crawler x2  
  196  26:00  Spine Crawler  
  186  26:17  Brood Lord  
  186  26:18  Brood Lord x8  
  194  26:45  Corruptor x4  
  185  26:57  Corruptor x3  
  191  27:03  Corruptor  
  170  27:17  Zergling x2  
  170  27:18  Zergling x38  
Show
View Real Time Build Order
Export as new Build Order

ShaDoWn Protoss 

Build Orders: 1 Gate Expand, Oracle Opening, Archon Immortal, Carriers 

Get SALT Encoding   

  12  0:00  Probe  
  13  0:13  Probe  
  14  0:19  Pylon  
  14  0:25  Probe  
  15  0:28  Assimilator  
  15  0:34  Probe  
  16  0:42  Probe  
  16  0:44  Gateway  
  17  0:52  Probe  
  18  1:04  Probe  
  19  1:16  Probe  
  20  1:25  Nexus  
  20  1:34  Cybernetics Core  
  20  1:37  Probe  
  21  1:42  Assimilator  
  21  1:49  Probe  
  21  1:53  Pylon  
  22  2:01  Probe, Adept  
  23  2:13  Probe  
  26  2:17  Stargate  
  26  2:25  Probe  
  27  2:31  Stalker  
  27  2:33  Probe  
  27  2:34  Warp Gate  
  27  2:35  Probe  
  30  2:41  Probe  
  30  2:43  Probe  
  31  2:51  Probe  
  33  2:53  Probe  
  35  3:02  Probe  
  35  3:03  Oracle  
  39  3:05  Probe  
  39  3:10  Probe  
  40  3:13  Pylon  
  40  3:18  Probe x2  
  42  3:20  Assimilator  
  42  3:22  Assimilator  
  43  3:29  Probe  
  43  3:30  Oracle, Probe  
  45  3:38  Gateway  
  48  3:41  Probe  
  48  3:42  Probe  
  50  3:51  Robotics Facility  
  50  3:54  Probe x2  
  52  3:56  Pylon  
  52  4:03  Twilight Council  
  52  4:06  Probe  
  52  4:07  Probe  
  54  4:18  Probe, Gateway  
  54  4:19  Gateway  
  54  4:22  Adept  
  57  4:27  Warp Prism  
  59  4:41  Templar Archives  
  59  4:50  Pylon  
  59  4:57  Nexus  
  59  4:59  Immortal  
  59  5:00  Pylon  
  59  5:04  Probe x2  
  61  5:10  Psionic Storm  
  65  5:16  Zealot  
  65  5:19  Pylon  
  67  5:24  Probe  
  67  5:27  Probe  
  69  5:28  Immortal  
  69  5:30  High Templar x2  
  73  5:40  Probe  
  78  5:44  Shield Battery  
  78  5:48  Probe  
  79  5:52  Probe  
  79  5:53  Forge  
  80  5:58  High Templar x2, Pylon  
  80  5:59  Immortal  
  84  6:10  Probe x2  
  90  6:14  Probe  
  90  6:18  High Templar  
  93  6:22  Probe  
  93  6:23  Probe  
  95  6:26  Probe  
  95  6:32  Gateway  
  96  6:33  Gateway  
  96  6:35  Protoss Ground Weapons Level 1  
  96  6:40  Immortal  
  96  6:43  Pylon  
  96  6:45  Probe  
  101  6:47  Probe  
  102  6:57  Charge, Probe  
  99  7:03  Probe x2  
  99  7:06  Assimilator  
  99  7:07  Assimilator  
  101  7:09  Immortal, Pylon  
  101  7:10  Pylon  
  101  7:13  High Templar  
  104  7:19  Zealot x2, High Templar  
  104  7:20  Gateway  
  113  7:23  Gateway  
  113  7:28  Probe  
  113  7:29  Probe  
  115  7:35  Zealot x2  
  119  7:39  Photon Cannon  
  119  7:41  Photon Cannon x2  
  119  7:50  Observer  
  120  7:57  Nexus  
  120  8:00  Zealot x3  
  120  8:01  Zealot  
  120  8:02  Immortal  
  120  8:06  Probe  
  120  8:08  Pylon  
  120  8:11  High Templar x4  
  133  8:15  Pylon  
  133  8:18  Pylon  
  133  8:19  Pylon  
  133  8:25  Gateway  
  133  8:28  Archon x2  
  133  8:29  Gateway  
  133  8:35  High Templar x2  
  133  8:36  Zealot x2  
  133  8:40  Archon, Warp Prism  
  143  8:51  High Templar  
  143  8:52  Zealot x3, Photon Cannon  
  143  8:54  Shield Battery  
  151  9:02  Protoss Ground Weapons Level 2  
  151  9:04  Zealot x2  
  151  9:05  Shield Battery  
  155  9:13  Assimilator  
  155  9:15  Assimilator  
  155  9:22  Zealot x5  
  155  9:23  Zealot x2  
  169  9:24  Zealot x2  
  165  9:45  High Templar x4  
  171  9:46  High Templar, Warp Prism  
  171  9:47  Zealot x3, High Templar  
  171  9:52  Archon x3  
  171  10:08  Zealot x4  
  171  10:10  Fleet Beacon  
  171  10:12  Stargate  
  179  10:16  Pylon  
  179  10:26  Observer  
  180  10:29  Robotics Facility  
  180  10:30  Robotics Facility  
  177  10:44  Zealot x4  
  177  10:45  Photon Cannon  
  183  10:51  Warp Prism  
  183  10:57  Pylon  
  183  10:58  Pylon  
  183  10:59  Pylon  
  175  11:08  Nexus  
  175  11:09  Pylon, Mothership  
  167  11:22  Zealot x5  
  184  11:27  Immortal  
  184  11:38  Pylon  
  180  11:47  Tempest  
  180  11:51  Tempest  
  182  11:55  Warp Prism  
  182  12:03  Probe  
  182  12:05  Shield Battery  
  182  12:07  Photon Cannon  
  183  12:09  Photon Cannon  
  183  12:17  Protoss Air Weapons Level 1  
  183  12:18  Observer x2  
  176  12:24  Protoss Ground Weapons Level 3, Dark Shrine  
  176  12:26  Forge  
  176  12:30  Tempest  
  171  12:49  High Templar x4  
  168  12:53  Zealot x4  
  176  13:03  Tempest  
  174  13:08  Tempest  
  173  13:16  Cybernetics Core  
  173  13:18  Probe x2  
  178  13:22  Protoss Shields Level 1, Probe  
  178  13:25  Probe  
  170  13:42  Photon Cannon  
  170  13:44  Photon Cannon  
  170  13:45  Photon Cannon  
  170  13:47  Photon Cannon  
  170  13:48  Photon Cannon x2  
  170  13:49  Photon Cannon, Pylon  
  170  13:51  Tempest  
  175  13:56  Tempest  
  175  13:57  Protoss Air Armor Level 1  
  180  14:05  Assimilator x2  
  180  14:10  Dark Templar x3  
  166  14:31  Robotics Bay  
  166  14:34  Phoenix  
  162  14:46  Carrier  
  168  14:55  Probe x2  
  168  14:58  Pylon  
  168  14:59  Protoss Air Weapons Level 2  
  166  15:01  Stargate  
  166  15:03  Stargate  
  164  15:16  Photon Cannon x2, Disruptor  
  164  15:23  Photon Cannon  
  164  15:24  Photon Cannon  
  164  15:25  Disruptor, Carrier  
  164  15:26  Disruptor  
  177  15:30  Protoss Shields Level 2  
  177  15:38  Protoss Ground Armor Level 1  
  177  15:44  Carrier  
  177  15:47  Blink  
  177  15:48  Carrier  
  182  15:50  Zealot  
  182  15:56  Carrier  
  195  15:58  Observer  
  195  16:01  Pylon  
  196  16:09  Observer  
  196  16:10  Observer  
  198  16:31  Observer  
  199  16:44  Nexus, Pylon  
  199  16:46  Pylon  
  199  16:51  Pylon  
  199  16:53  Protoss Air Armor Level 2  
  199  16:55  Assimilator  
  199  17:12  Assimilator  
  199  17:21  Zealot  
  193  17:46  Disruptor  
  196  17:53  Dark Templar x2  
  186  18:14  Nexus  
  186  18:15  Carrier x2  
  176  18:28  Tempest x2  
  176  18:33  Zealot x9  
  199  18:37  Pylon  
  199  18:39  Protoss Ground Armor Level 2  
  199  18:40  Protoss Air Weapons Level 3  
  199  18:41  Protoss Shields Level 3, Pylon  
  199  18:47  Pylon  
  175  19:11  Tempest  
  175  19:15  Carrier  
  171  19:21  Carrier x2  
  189  19:27  Photon Cannon  
  189  19:29  Photon Cannon  
  189  19:31  Photon Cannon  
  189  19:33  Photon Cannon  
  189  19:35  Shield Battery  
  189  19:36  Zealot x3, Dark Templar x2, Photon Cannon  
  199  19:38  Photon Cannon  
  199  19:41  Shield Battery  
  182  20:13  Carrier  
  183  20:18  Stargate  
  183  20:19  Stargate  
  183  20:22  Disruptor  
  183  20:24  Observer x2  
  183  20:25  Carrier x2  
  183  20:27  Assimilator  
  200  20:30  Protoss Air Armor Level 3  
  200  20:39  Pylon  
  199  20:54  Pylon  
  199  20:55  Pylon  
  199  20:57  Nexus  
  199  21:00  Pylon  
  199  21:05  Assimilator  
  199  21:09  Assimilator  
  196  21:17  Dark Templar  
  197  21:51  Carrier  
  197  21:53  Zealot x4  
  193  22:03  Zealot x3  
  199  22:10  Carrier x3  
  199  22:14  Photon Cannon  
  199  22:15  Photon Cannon  
  188  22:17  Photon Cannon  
  188  22:19  Photon Cannon  
  188  22:20  Photon Cannon  
  188  22:22  Shield Battery  
  198  22:24  Shield Battery  
  190  22:48  Stalker x2  
  190  22:49  Stalker x8  
  188  22:55  Carrier  
  157  23:13  Stalker x8  
  157  23:14  Stalker x2  
  157  23:18  Observer  
  157  23:19  Observer  
  174  23:39  Zealot x10  
  145  23:56  Observer x2  
  141  24:18  Disruptor x3  
  141  24:20  Stalker x2  
  141  24:21  Stalker x7  
  152  24:27  Pylon  
  144  24:33  Dark Templar  
  142  24:44  Nexus  
  140  24:54  Observer, Disruptor  
  144  25:02  Stalker x4  
  150  25:14  Disruptor x2  
  155  25:27  Oracle  
  158  25:30  Stalker x4  
  164  25:38  Dark Templar  
  164  25:40  Stalker x2  
  170  25:43  Disruptor  
  173  25:50  Probe x3  
  163  26:21  Stalker x7  
  161  26:44  Disruptor x3  
  133  26:59  Stalker x5  
  134  27:14  Stalker x3  
  112  27:20  Stalker x2  
  103  27:31  Stalker x2  
Tags
 
Add a new tag
Caveats
  • Supply blocks, unpowered buildings, or Contaminate may cause inaccurate times.
  • Supply counts are checked every 10 seconds.